 Dungeon Sprint DCSS version 0.29-a0-923-g6e406bff71 (webtiles) character file.

Game seed: 9945241115710566319

4 rocky1 the Shield-Bearer (level 1, 0/18 HPs)
             Began as a Formicid Fighter on July 28, 2022.
             Slain by an ogre
             ... wielding a +0 giant club
              (7 damage)
             ... in the Dungeon (Sprint IX: "|||||||||||||||||||||||||||||").
             The game lasted 00:00:14 (102 turns).

rocky1 the Shield-Bearer (Formicid Fighter)          Turns: 102, Time: 00:00:14

Health: 0/18       AC:  6    Str: 20    XL:     1   Next: 66%
Magic:  1/1        EV:  9    Int:  7    God:
Gold:   0          SH:  5    Dex: 13    Spells: 0/0 levels left

rFire   . . .      SeeInvis +   a - +0 flail
rCold   . . .      Faith    .   c - +0 buckler
rNeg    . . .      Spirit   .   b - +0 scale mail
rPois   .          Reflect  .   (helmet unavailable)
rElec   .          Harm     .   (no cloak)
rCorr   .          Rampage  .   (no gloves)
Will    .....                   (no boots)
Stlth   ..........              (no amulet)
HPRegen 0.06/turn               (no ring)
MPRegen 0.07/turn               (no ring)

@: mighty
A: permanent stasis, dig shafts and tunnels, antennae 3, four strong arms
a: Dig


You were in the Dungeon.
You visited 1 branch

Inventory:

Hand Weapons
 a - a +0 flail (weapon)
Armour
 b - a +0 scale mail (worn)
 c - a +0 buckler (worn)
Potions
 e - a potion of curing
 f - a potion of heal wounds
 g - 2 potions of magic


   Skills:
 - Level 3.2 Fighting
 + Level 3.0 Maces & Flails
 - Level 3.2 Armour
 + Level 5.0 Shields


You couldn't memorise any spells.
You didn't know any spells.
Your spell library was empty.

Dungeon Overview and Level Annotations

Branches:
Dungeon (1/1)

Altars:


Innate Abilities, Weirdness & Mutations

You cannot be hasted, slowed, berserked, paralysed or teleported.
You can dig through walls and to a lower floor.
You have a pair of large antennae on your head. (SInv)
Your four strong arms can wield two-handed weapons with a shield.


Message History

The ball python closely misses you.
You barely miss the ball python. The ball python bites you.
The ball python completely misses you.
The ball python bites you but does no damage.
The ball python grabs you. The ball python constricts you.
You hit the ball python.
You kill the ball python!
You closely miss the kobold. The kobold hits you but does no damage.
You closely miss the kobold.
The kobold hits you with a +0 short sword.
The kobold misses you.
You hit the kobold.
You kill the kobold!
You thump the goblin!
You kill the goblin!
The rat bites you.
There is an open door to the Dungeon, spattered with blood here.
Things that are here:
a +0 dagger; a +0 short sword; a kobold corpse You hit the rat.
The rat is severely wounded.
The rat closely misses you. The rat bites you but does no damage.
You hit the rat.
You kill the rat!
Your Maces & Flails skill increases to level 3!
Your Shields skill increases to level 5!
You see here a rat corpse.
You start resting.
HP restored.
You open the door.
An ogre, a phantom, a hound, an iguana and a water moccasin come into view.
The ogre shouts!
The hound barks!
The water moccasin hisses angrily.
Unknown command.
You feel very mighty all of a sudden. The ogre hits you with a +0 giant club!
Ouch! That really hurt!
You bludgeon the ogre!!
The ogre is severely wounded.
The ogre hits you with a +0 giant club!
You die... ▓▓▓▓▓▓▓▓▓▓▓▓▓▓▓▓▓▓ ▓<...)†...@OWhlS.+ ▓▓▓▓▓▓▓▓▓▓▓▓▓▓▓▓▓▓ {{ {{{{

You could see a water moccasin, an ogre, a phantom, an iguana and a hound.

Vanquished Creatures
  A goblin (D)
  A ball python (D)
  A kobold (D)
  2 rats (D)
5 creatures vanquished.

Notes
Turn   | Place    | Note
-------+----------+-------------------------------------------
     0 | D        | rocky1 the Formicid Fighter began the quest for the Orb.
     0 | D        | Reached XP level 1. HP: 18/18 MP: 1/1
    19 | D        | Reached skill level 5 in Shields
   100 | D        | Noticed an ogre
   100 | D        | Noticed a phantom
   100 | D        | Noticed a hound
   100 | D        | Noticed an iguana
   100 | D        | Noticed a water moccasin
   102 | D        | Slain by an ogre

Illustrated notes

Levels and vault maps discovered:
D:        linesprint [early_d, line_temple, items_1, d_10, items_2, lair_1,
          lair_end, items_3, orc_1, orc_end, items_4, d_15, swamp_1, shoals_1,
          snake_1, spider_1, d_20, vaults_1, items_5, swamp_end, shoals_end,
          snake_end, spider_end, vaults_end, d_27, items_6, zot_1, zot_end,
          crypt_end, forest_end, elf_end, slime_end, tomb_end, abyss_end,
          pan_hell_end]

Skill      XL: |  1 |
---------------+----+-----
Maces & Flails | 3 |  3.0
Shields        | 5 |  5.0
Fighting       | |  3.2
Armour         | |  3.2

Action                   || total
-------------------------++-------
Melee: Flail             ||    15
  Use: Potion            ||     1
Armor: Scale mail        ||     5
Dodge: Dodged            ||     6
Block: Buckler           ||     3

Table legend: (Time is in decaauts)
 A = Elapsed time spent in this place.
 B = Non-inter-level travel time spent in this place.
 C = Inter-level travel time spent in this place.
 D = Time resting spent in this place.
 E = Time spent auto-exploring this place.
 F = Levels seen in this place.
 G = Mean time per level.
                   A        B        C        D        E       F      G
               +--------+--------+--------+--------+--------+-----+--------+
         Total |    106 |    106 |      0 |     76 |      0 |   1 |  106.0 |
       Dungeon |    106 |    106 |      0 |     76 |      0 |   1 |  106.0 |
               +--------+--------+--------+--------+--------+-----+--------+

Top non-repeatable levels by time:
       D: 106 daAuts
